Map: Overgrown Facility

Players

PureLegacy - Winner!

  • Race: Terran Terran
  • Spawn Location: 3:00

ADOIFHlTLER - Winner!

  • Race: Terran Terran
  • League: Master
  • Spawn Location: 1:00

ƤǚșĦȅƦ

  • Race: Terran Terran
  • League: Master
  • Spawn Location: 9:00

iRONMAn

  • Race: Zerg Zerg
  • Spawn Location: 7:00

VOD

Have the link to the VOD?

Description

Time

  • Played on: Nov. 22, 2018, 10:55 a.m.
  • Length: 9:50
Show
View Real Time Build Order
Export as new Build Order

PureLegacy Terran - Winner!

Build Orders:  

Get SALT Encoding   

  12  0:01  SCV  
  13  0:13  SCV  
  14  0:17  Supply Depot  
  14  0:25  SCV  
  15  0:29  Refinery  
  15  0:39  SCV  
  16  0:46  Barracks  
  16  0:54  SCV  
  17  1:06  Barracks  
  17  1:19  Barracks  
  17  1:22  SCV  
  18  1:33  Reaper  
  18  1:39  Orbital Command  
  19  1:46  Refinery  
  19  1:54  Reaper  
  19  2:00  Supply Depot  
  20  2:07  Reaper  
  21  2:09  Reaper  
  21  2:15  SCV  
  23  2:27  Reaper  
  24  2:37  Supply Depot  
  24  2:40  Reaper  
  24  2:41  Reaper, SCV  
  27  2:59  Reaper  
  27  3:06  SCV  
  29  3:13  Command Center  
  30  3:22  SCV  
  30  3:31  Barracks Reactor  
  30  3:32  Barracks Tech Lab, Barracks Reactor  
  30  3:33  Factory  
  29  3:36  SCV  
  30  3:49  SCV  
  30  3:52  Marine, Stimpack  
  32  3:56  Bunker  
  32  4:01  SCV  
  33  4:08  Marine x2  
  33  4:09  Marine  
  35  4:10  Marine  
  35  4:11  Marine  
  35  4:15  SCV  
  39  4:24  Starport  
  39  4:25  Factory Reactor  
  39  4:28  SCV  
  40  4:38  SCV  
  34  4:54  SCV  
  34  4:55  Orbital Command  
  34  4:57  Marine x5  
  40  5:08  Medivac x2  
  40  5:10  SCV  
  40  5:12  Supply Depot  
  45  5:16  Marine  
  45  5:17  Marine x3  
  49  5:23  SCV x2  
  51  5:30  Marine  
  52  5:35  SCV  
  52  5:36  Engineering Bay  
  52  5:37  Engineering Bay  
  53  5:43  Medivac x2  
  53  5:46  SCV  
  58  5:51  Supply Depot, SCV  
  58  5:55  Marine x2  
  58  5:56  Marine  
  62  6:00  Supply Depot  
  62  6:04  Missile Turret  
  62  6:06  Missile Turret  
  62  6:11  Combat Shield  
  62  6:12  Marine x2  
  64  6:21  SCV x2  
  64  6:24  Marine x3  
  69  6:30  Marine x2  
  71  6:35  Terran Infantry Armor Level 1, Terran Infantry Weapons Level 1  
  71  6:36  SCV x2  
  73  6:41  Marine  
  70  6:52  Marine x4  
  70  6:57  Barracks  
  70  6:58  Refinery, Barracks  
  70  6:59  Refinery, Marine  
  60  7:04  Medivac x2  
  60  7:06  Missile Turret, SCV x2  
  66  7:12  Marine x3  
  69  7:18  SCV x2  
  69  7:22  Marine x2  
  73  7:30  Marine x3  
  76  7:38  Missile Turret  
  76  7:40  Marine x2, SCV x2  
  80  7:47  Barracks Reactor x2  
  80  7:50  Marine x3  
  83  7:55  Supply Depot x2  
  83  7:56  Supply Depot  
  83  7:58  Marine  
  84  8:04  Armory  
  84  8:14  Marine x2  
  84  8:15  Marine x2  
  84  8:16  SCV  
  84  8:17  SCV  
  90  8:23  Marine  
  90  8:24  Marine x4  
  95  8:33  Supply Depot  
  95  8:45  Command Center  
  95  8:49  Marine x5  
  93  9:01  Marine x2  
  93  9:02  Marine x2  
  84  9:07  Marine  
  85  9:12  Marine x2  
  85  9:13  Marine x2  
  89  9:18  Supply Depot  
  89  9:19  Marine x2  
  89  9:22  SCV x2  
  89  9:24  Marine x3  
  93  9:30  Marine  
Show
View Real Time Build Order
Export as new Build Order

ADOIFHlTLER Terran - Winner!

Build Orders:  

Get SALT Encoding   

  12  0:00  SCV  
  13  0:12  SCV  
  14  0:20  Supply Depot  
  14  0:25  SCV  
  15  0:42  SCV  
  16  0:43  Barracks  
  16  0:47  Refinery  
  16  0:54  SCV  
  17  1:06  SCV  
  19  1:18  SCV  
  19  1:31  Marine  
  19  1:32  Orbital Command  
  20  1:54  Command Center  
  20  2:07  SCV  
  20  2:08  Factory  
  21  2:09  Barracks Reactor  
  21  2:16  Supply Depot  
  21  2:20  SCV  
  22  2:32  Refinery, SCV  
  23  2:44  SCV  
  24  2:53  Factory  
  24  2:56  SCV  
  25  2:59  Hellion x2  
  25  3:00  Barracks Tech Lab  
  29  3:07  Orbital Command  
  29  3:11  SCV  
  30  3:21  Hellion x2  
  30  3:26  SCV  
  34  3:38  SCV  
  34  3:41  Supply Depot  
  36  3:43  Infernal Pre-Igniter  
  36  3:45  Cyclone  
  38  3:52  Hellion  
  38  3:53  SCV  
  38  3:54  SCV  
  42  4:02  Hellion  
  44  4:05  SCV  
  44  4:06  SCV  
  44  4:08  Supply Depot  
  46  4:16  Hellion  
  48  4:17  Cyclone  
  48  4:20  SCV x2  
  53  4:29  Supply Depot, Hellion  
  55  4:32  SCV  
  56  4:39  Hellion  
  58  4:48  SCV x2  
  58  4:51  Hellion  
  62  5:01  Hellion, Mag-Field Accelerator  
  62  5:03  Supply Depot  
  62  5:04  SCV  
  62  5:06  SCV  
  66  5:11  Cyclone  
  69  5:16  SCV  
  69  5:18  Command Center  
  69  5:21  SCV  
  69  5:25  Hellion  
  69  5:30  Barracks Tech Lab  
  69  5:32  Factory  
  67  5:36  Refinery x2  
  67  5:40  SCV x2  
  69  5:44  Cyclone  
  72  5:51  Supply Depot  
  72  5:52  Supply Depot, SCV x2  
  74  6:04  SCV x2  
  75  6:11  Factory  
  76  6:12  Factory  
  76  6:16  SCV  
  77  6:20  Cyclone  
  77  6:24  Hellion x2, SCV  
  82  6:30  Cyclone  
  85  6:33  Orbital Command  
  81  6:43  SCV x2  
  68  6:49  Widow Mine x2  
  68  6:52  Cyclone  
  75  6:55  Engineering Bay, SCV x2  
  75  7:00  Factory Tech Lab x2  
  78  7:05  Cyclone  
  78  7:08  SCV  
  81  7:09  SCV  
  81  7:10  SCV  
  83  7:20  SCV  
  83  7:21  SCV  
  77  7:24  Cyclone x3  
  77  7:29  SCV  
  86  7:32  SCV  
  86  7:33  SCV  
  88  7:37  Cyclone  
  88  7:41  SCV  
  92  7:44  Refinery, SCV  
  92  7:45  SCV  
  92  7:46  Refinery, Hellion  
  96  7:53  SCV  
  96  7:56  Cyclone x2, SCV  
  104  8:03  Cyclone  
  95  8:09  Cyclone  
  95  8:12  Supply Depot  
  98  8:13  SCV x2  
  98  8:15  Command Center  
  100  8:22  SCV  
  100  8:25  Supply Depot  
  101  8:27  Supply Depot  
  101  8:28  Cyclone x2  
  101  8:29  SCV  
  108  8:35  Cyclone, SCV  
  112  8:41  Cyclone  
  115  8:55  SCV  
  115  9:00  Cyclone  
  115  9:01  Cyclone  
  120  9:07  Cyclone  
  111  9:11  SCV x2  
  111  9:13  Cyclone  
  111  9:16  Command Center  
  119  9:46  Supply Depot x2  
Show
View Real Time Build Order
Export as new Build Order

ƤǚșĦȅƦ Terran 

Build Orders: Hellion Opening 

Get SALT Encoding   

  12  0:01  SCV  
  13  0:13  SCV  
  14  0:17  Supply Depot  
  14  0:25  SCV  
  15  0:39  SCV  
  16  0:42  Barracks  
  16  0:47  Refinery  
  16  0:51  SCV  
  16  0:55  Refinery  
  17  1:03  SCV  
  18  1:15  SCV  
  19  1:28  SCV  
  20  1:34  Factory  
  20  1:36  Marine  
  21  1:40  Orbital Command  
  21  1:48  Supply Depot  
  22  1:54  Barracks Reactor  
  21  2:06  SCV  
  22  2:18  SCV  
  23  2:37  Hellion  
  23  2:38  Hellion  
  23  2:39  Starport  
  26  2:47  SCV  
  26  2:48  Supply Depot  
  26  2:59  Hellion x2, SCV  
  31  3:10  Engineering Bay  
  31  3:11  SCV  
  32  3:16  Fusion Core, Starport Tech Lab  
  32  3:23  SCV  
  33  3:44  Missile Turret  
  33  3:46  Hellion x2  
  37  3:50  Supply Depot  
  37  3:51  Supply Depot  
  37  4:11  Battlecruiser  
  43  4:17  Weapon Refit  
  43  4:27  SCV  
  37  4:52  SCV  
  37  4:55  Command Center  
  37  5:17  Battlecruiser  
  43  5:37  SCV  
  43  5:40  Starport  
  44  5:49  SCV  
  45  5:58  Hellion x2  
  45  6:01  SCV  
  50  6:13  SCV  
  50  6:16  Starport Tech Lab  
  51  6:24  Battlecruiser  
  50  6:34  Hellion  
  50  6:35  Hellion  
  38  7:21  Battlecruiser  
  44  7:42  SCV  
  45  7:46  Command Center  
  45  7:54  SCV  
  46  8:06  SCV  
  41  8:18  SCV  
  42  8:22  Supply Depot x2  
  42  8:37  Battlecruiser  
  34  9:10  Hellion x2  
  34  9:14  SCV  
  34  9:15  Orbital Command  
Show
View Real Time Build Order
Export as new Build Order

iRONMAn Zerg 

Build Orders: Hatch First 

Get SALT Encoding   

  12  0:01  Drone  
  13  0:08  Drone  
  14  0:17  Overlord  
  14  0:27  Drone, Extractor  
  15  0:37  Drone x2  
  17  0:46  Drone  
  18  1:02  Hatchery  
  17  1:05  Drone  
  18  1:14  Extractor  
  17  1:22  Spawning Pool  
  17  1:23  Drone  
  17  1:28  Drone  
  19  1:32  Drone  
  19  1:38  Drone  
  20  1:50  Overlord  
  19  2:08  Queen  
  19  2:09  Zergling x2  
  19  2:10  Zergling x2  
  19  2:14  Queen  
  25  2:16  Zergling x2  
  25  2:20  Metabolic Boost  
  26  2:24  Drone  
  26  2:28  Drone  
  28  2:34  Drone  
  28  2:36  Zergling x2  
  30  2:42  Drone  
  31  2:54  Drone, Queen, Zergling x2  
  34  3:03  Lair  
  34  3:13  Spine Crawler  
  33  3:30  Extractor  
  32  3:39  Overlord  
  32  3:40  Extractor  
  31  3:48  Extractor  
  30  3:54  Overlord  
  30  3:57  Queen  
  30  4:00  Drone x3  
  35  4:16  Drone  
  36  4:18  Zergling x2  
  36  4:19  Drone, Spire  
  36  4:20  Drone x2  
  36  4:21  Drone  
  36  4:23  Drone x2  
  42  4:24  Drone  
  43  4:34  Overlord  
  43  4:52  Overlord  
  43  4:56  Spore Crawler, Drone x2  
  43  4:57  Drone x2  
  46  5:06  Drone x4  
  49  5:11  Drone  
  49  5:12  Drone  
  51  5:19  Drone  
  51  5:20  Spore Crawler  
  51  5:31  Mutalisk x3  
  57  5:36  Overlord  
  57  5:42  Mutalisk  
  57  5:43  Overlord  
  59  5:54  Mutalisk x2  
  59  5:55  Mutalisk  
  63  6:13  Overlord  
  63  6:14  Hatchery  
  61  6:20  Mutalisk x2  
  60  6:26  Mutalisk  
  60  6:28  Zergling x4  
  64  6:36  Roach Warren  
  64  6:38  Drone  
  64  6:42  Drone x2  
  66  6:52  Mutalisk x2  
  70  6:57  Mutalisk  
  72  7:06  Drone x6, Evolution Chamber  
  72  7:07  Drone  
  76  7:23  Drone  
  76  7:27  Overlord  
  73  7:31  Drone x2  
  73  7:32  Drone  
  73  7:33  Drone  
  73  7:38  Roach x2  
  73  7:40  Zerg Missile Weapons Level 1  
  73  7:41  Glial Reconstitution  
  73  7:43  Roach x3  
  83  7:48  Roach  
  75  7:52  Roach x2  
  75  7:58  Roach x2  
  83  8:03  Drone  
  83  8:05  Drone x3  
  87  8:08  Overlord  
  87  8:09  Hydralisk Den  
  87  8:11  Drone  
  87  8:13  Drone x2  
  87  8:14  Drone  
  87  8:15  Drone x2  
  92  8:23  Roach, Hatchery  
  93  8:27  Overlord  
  93  8:30  Drone  
  93  8:31  Roach x2  
  98  8:36  Roach, Evolution Chamber  
  98  8:38  Roach  
  98  8:40  Roach  
  101  8:44  Ravager x3  
  100  8:48  Roach  
  94  9:01  Roach  
  96  9:05  Roach  
  96  9:07  Roach x2  
  96  9:08  Roach x5  
  97  9:12  Roach  
  91  9:23  Roach  
Tags
 
Add a new tag
Caveats
  • Supply blocks, unpowered buildings, or Contaminate may cause inaccurate times.
  • Supply counts are checked every 10 seconds.